 Dungeon Crawl Stone Soup version 0.27.1 (webtiles) character file.

Game seed: 9000184875336045931

21 Sabo the Skirmisher (level 2, -1/24 HPs)
             Began as a Demonspawn Fighter on Aug 26, 2021.
             Was an Initiate of Cheibriados.
             Slain by Terence (2 damage)
             ... on level 2 of the Dungeon.
             The game lasted 00:07:23 (1826 turns).

Sabo the Skirmisher (Demonspawn Fighter)            Turns: 1826, Time: 00:07:25

Health: -1/24      AC:  6    Str: 17    XL:     2   Next: 65%
Magic:  2/2        EV:  7    Int: 10    God:    Cheibriados [......]
Gold:   90         SH:  9    Dex: 13    Spells: 1/1 levels left

rFire    . . .     SeeInvis .   a - +0 war axe
rCold    . . .     Faith    .   c - +0 kite shield
rNeg     . . .     Spirit   .   b - +0 scale mail
rPois    .         Reflect  .   (no helmet)
rElec    .         Harm     .   h - scarf {shadows}
rCorr    .         Rampage  .   (no gloves)
Will     .....                  (no boots)
Stlth    ..........             (no amulet)
HPRegen  0.08/turn              (no ring)
MPRegen  0.08/turn              (no ring)

@: very slow
A: powered by pain 1
a: Renounce Religion, Bend Time


You were on level 2 of the Dungeon.
You worshipped Cheibriados.
Cheibriados was noncommittal.
You visited 1 branch of the dungeon, and saw 2 of its levels.

You collected 90 gold pieces.

Inventory:

Hand Weapons
 a - a +0 war axe (weapon)
 f - a +0 hunting sling
Missiles
 k - 9 arrows
 l - 7 atropa-tipped darts (quivered)
Armour
 b - a +0 scale mail (worn)
 c - a +0 kite shield (worn)
 h - a scarf of shadows (worn)
Scrolls
 e - a scroll of identify {unknown}
 i - 2 scrolls of enchant armour {unknown}
Potions
 d - a potion of might
 g - a potion of magic {unknown}
 j - 2 potions of curing {unknown}


   Skills:
 + Level 3.1 Fighting
 + Level 2.1 Axes
 + Level 3.0 Armour
 + Level 0.1 Stealth
 + Level 2.9 Shields


You had one spell level left.
You didn't know any spells.
Your spell library was empty.

Dungeon Overview and Level Annotations

Branches:
Dungeon (2/15)

Altars:
Cheibriados

Annotations:
D:2 Terence


Innate Abilities, Weirdness & Mutations

You sometimes gain a little power by taking damage.


Message History

Found 7 atropa-tipped darts.
You see here 7 atropa-tipped darts.
l - 7 atropa-tipped darts Terence the Incautious comes into view.
He is wielding a +0 hand axe.
Terence shouts!
You hear a shout!
You slash Terence!
Terence is moderately wounded.
Terence hits you with a +0 hand axe.
You hit Terence but do no damage.
Terence is moderately wounded.
Terence closely misses you. Terence hits you but does no damage.
You hit Terence.
Terence is heavily wounded.
You block Terence's attack.
Your shield and scale mail prevent you from hitting Terence.
Terence is heavily wounded.
You block Terence's attack. x2
You hit Terence but do no damage.
Terence is heavily wounded.
Terence closely misses you. You block Terence's attack.
You barely miss Terence.
Terence is heavily wounded.
Terence hits you with a +0 hand axe.
Your shield prevents you from hitting Terence.
Terence is heavily wounded.
Terence hits you with a +0 hand axe. You block Terence's attack.
You closely miss Terence.
Terence is heavily wounded.
You block Terence's attack. Terence barely misses you.
You hit Terence but do no damage.
Terence is heavily wounded.
Terence hits you with a +0 hand axe.
* * * LOW HITPOINT WARNING * * *
You hit Terence but do no damage.
Terence is heavily wounded.
Terence shouts, "Get ready for death!"
Terence hits you with a +0 hand axe.
* * * LOW HITPOINT WARNING * * *
Terence hits you with a +0 hand axe.
You die...

##### ...## ...#
#@.##### #@......
#.######
#.################
#.................
##################


You could see Terence.

Vanquished Creatures
  3 bats (D:1)
  5 endoplasms
  A hobgoblin (D:1)
  A quokka (D:1)
  A ball python (D:2)
  A frilled lizard (D:1)
  3 goblins
  3 kobolds (D:1)
  2 rats
20 creatures vanquished.

Notes
Turn   | Place    | Note
-------+----------+-------------------------------------------
     0 | D:1      | Sabo the Demonspawn Fighter began the quest for the Orb.
     0 | D:1      | Reached XP level 1. HP: 18/18 MP: 1/1
   801 | D:1      | Gained mutation: You sometimes gain a little power by
                  | taking damage. [demonic ancestry]
   801 | D:1      | Reached XP level 2. HP: 18/24 MP: 2/2
  1705 | D:2      | Found a snail-covered altar of Cheibriados.
  1730 | D:2      | Became a worshipper of Cheibriados the Contemplative
  1816 | D:2      | Noticed Terence
  1826 | D:2      | HP: 1/24 [Terence (6)]
  1826 | D:2      | Slain by Terence

Illustrated notes

Levels and vault maps discovered:
D:1:      eino_arrival_cavern_b, layout_basic
D:2:      layout_loops_ring, basic_altar, minmay_misc_feat_rows, uniq_terence,
          uniq_jessica

Skill      XL: |  1  2 |
---------------+-------+-----
Axes           | 2 |  2.1
Armour         | 3 |  3.0
Fighting       | |  3.1
Stealth        | |  0.1
Shields        | |  2.9

Action                   || total
-------------------------++-------
Melee: War axe           ||    70
Armor: Scale mail        ||    31
Dodge: Dodged            ||    14
Block: Kite shield       ||    41
